AoeStats
← Léon gontran

Black Forest

508719385Analyzed
4v4 RM · 7d ago on Sep 23, 2026· 29m 51s· 8 players
Game mode
Random Map
Map size
Large (8 player)
Population
200
Speed
Normal
Resources
Standard
Victory
Conquest
Starting age
Dark Age
Ending age
Imperial Age
RankedLock teamsTeams togetherTeam positionsShared explorationLock speedFull tech treeHidden civsTurbo modeCheats
Victory
Defeat
1374
+11
🇦🇷 Japanese · Argentina
1306
+14
🇪🇸 Varangians · Spain
1289
+15
🇲🇽 Saracens · Mexico
1277
+15
🇫🇷 Berbers · France
1305
-16
🇦🇷 Mongols · Argentina
1279
-14
🇨🇦 Portuguese · Canada
1260
-14
🇫🇷 Khmer · France
1204
-11
mark4u.24
1:17 Loom
11:17 Feudal Age
16:06 Castle Age
jawsy_
8:29 Loom
11:15 Feudal Age
15:48 Castle Age
13:53 Double-Bit Axe
14:48 Horse Collar
18:44 Scale Barding Armor
18:49 Forging
Léon gontran
7:11 Loom
9:54 Feudal Age
10:49 Double-Bit Axe
16:20 Castle Age
[TBArg] Search088
0:29 Loom
11:41 Feudal Age
14:27 Feudal Age
| ArCas | Cristiano Onagro
7:17 Loom
9:41 Feudal Age
10:18 Double-Bit Axe
11:42 Forging
12:08 Horse Collar
15:00 Scale Barding Armor
21:05 Castle Age
19:51 Gold Mining
21:05 Bloodlines
21:17 Light Cavalry
21:58 Husbandry
22:18 Heavy Plow
24:09 Chain Barding Armor
25:44 Wheelbarrow
MZTK | Puppet
6:53 Loom
9:37 Feudal Age
10:26 Double-Bit Axe
17:05 Fletching
21:44 Castle Age
21:49 Crossbowman
22:26 Bodkin Arrow
23:17 Padded Archer Armor
| ArCas | Agi_alex
6:34 Loom
11:40 Feudal Age
15:38 Castle Age
13:58 Double-Bit Axe
13:54 Horse Collar
14:48 Gold Mining
16:23 Scale Barding Armor
18:01 Bloodlines
23:30 Chain Barding Armor
24:39 Town Watch
26:19 Heavy Plow
26:33 Bow Saw
27:27 Husbandry
28:20 Wheelbarrow
| ArCas | El BrancaS
7:09 Loom
9:27 Feudal Age
9:30 Man-at-Arms
10:15 Arson
11:13 Double-Bit Axe
15:43 Fletching
17:28 Horse Collar
22:31 Castle Age
21:32 Padded Archer Armor
22:27 Bloodlines
22:20 Gold Mining
23:07 Bodkin Arrow
23:34 Husbandry
25:56 Town Watch
26:32 Leather Archer Armor
27:33 Thumb Ring
28:24 Bow Saw
30:37 Ballistics
Connection lost

Rejoining the realm…

Still unreachable

The connection could not be restored.

Session expired

The server has moved on; the page needs a fresh start.